 Dungeon Sprint DCSS version 0.24.1-14-gf8d2b509d9 (webtiles) character file.

Game seed: 10175924424299128570, levelgen mode: deterministic

12889 Baz the Brawler (level 11, -32/150 HPs)
             Began as a Troll Berserker on Oct 3, 2020.
             Was a High Priest of Trog.
             Killed from afar by a crystal guardian (41 damage)
             ... with a crystal bolt
             ... in the Dungeon (Sprint II: "The Violet Keep of Menkaure").
             The game lasted 00:10:08 (1239 turns).

Baz the Brawler (Troll Berserker)                   Turns: 1239, Time: 00:10:08

Health: -32/150    AC:  8    Str: 26    XL:     11   Next: 68%
Magic:  10/10      EV: 10    Int:  4    God:    Trog [*****.]
Gold:   912        SH:  0    Dex: 10    Spells: 10/10 levels left

rFire    . . .     SeeInvis .     - Unarmed
rCold    . . .     Gourm    +   (no shield)
rNeg     . . .     Faith    .   i - +2 robe of Vines {NoPotionHeal Regen+7}
rPois    .         Spirit   .   (helmet restricted)
rElec    .         Reflect  .   (no cloak)
rCorr    .         Harm     .   (gloves unavailable)
MR       .....     NoTele   +   (boots unavailable)
Stlth    +.........             (no amulet)
HPRegen  3.55/turn              (no ring)
MPRegen  0.12/turn              (no ring)

@: slowed, very slow
A: large, unfitting armour, claws 3, fast metabolism 3, gourmand, regeneration
1, robust 1, shaggy fur 1, tough skin 3, weak 1
a: Berserk, Trog's Hand, Brothers in Arms, Renounce Religion


You were in the Dungeon.
You worshipped Trog.
Trog was extremely pleased with you.
You were very full.

You visited 1 branch You collected 1777 gold pieces.
You spent 865 gold pieces at shops.

Inventory:

Armour
 a - a +0 animal skin
 i - the +2 robe of Vines (worn) {NoPotionHeal Regen+7}
   (You bought it in a shop in the Dungeon)

   It increases your rate of regeneration.
 p - a +0 large shield
 v - a +0 troll leather armour
Jewellery
 n - an uncursed ring of protection from fire {unknown}
 r - an uncursed ring of protection from magic {unknown}
Scrolls
 h - a scroll of blinking
 j - 5 scrolls of identify
 k - 2 scrolls of remove curse
 o - a scroll of fear {unknown}
Potions
 c - a potion of curing
 d - 2 potions of heal wounds
 e - 2 potions of haste
 f - 5 potions of magic
 g - a potion of berserk rage
 m - 3 potions of resistance {unknown}
 q - 2 potions of agility {unknown}
 s - 3 potions of flight {unknown}
 t - a potion of lignification {unknown}
Comestibles
 b - 4 rations
 u - 6 chunks of flesh


   Skills:
 + Level 16.9 Fighting
 - Level 2.4 Dodging
 + Level 19.6 Unarmed Combat


You had 10 spell levels left.
You didn't know any spells.
Your spell library was empty.

Dungeon Overview and Level Annotations

Branches:
Dungeon (1/1)

Altars:
Cheibriados
Dithmenos
Elyvilon
Fedhas
Gozag
Hepliaklqana
Kikubaaqudgha
Makhleb
Nemelex Xobeh
Okawaru
Qazlal
Ru
Sif Muna
Trog
Uskayaw
Vehumet
Wu Jian
Xom
Yredelemnul
Zin
The Shining One
Beogh
Jiyva
Lugonu

Shops:
D :([=![}=?!%[::((

Annotations:
D exclusion: oklob plant


Innate Abilities, Weirdness & Mutations

You are too large for most types of armour.
You have claws for hands.
Your metabolism is lightning-fast.
You like to eat raw meat.
Your natural rate of healing is unusually fast.
You are covered in fur. (AC +1)
You have extremely tough skin. (AC +3)
You are robust. (+10% HP)
You are weak. (Str -2)


Message History

The crystal bolt freezes you!!!
* * * LOW HITPOINT WARNING * * *
The crystal bolt freezes you!!
* * * LOW HITPOINT WARNING * * *
Unknown command.
Unknown command.
Unknown command.
Unknown command.
Unknown command.
Unknown command.
Unknown command.
Unknown command.
Unknown command.
Unknown command.
Okay, then.
The crystal guardian fires a crystalline bolt at you.
The crystal bolt freezes your iron troll.
Your iron troll resists.
The crystal bolt freezes you!!!
You die...

○○°≈°≈≈≈°##++#*,,,+.°.▓0..▓,,,,,*
≈°°≈○○≈≈##≈.^.###,#°○.▓▓▓▓▓▓▓▓▓▓*
○≈°S≈≈≈*#e≈^....#*#.○.▓≈≈≈≈≈§≈≈▓▓
+++#+++##**#....#k##○°▓▓▓▓▓▓▓▓▓▓▓
([†..(..#,,+.^.(#,.#}○▓...(...)▓▓
(##)##..#,,####.#○.#=)▓..([....▓▓
###..##.####,,+.##8#)[▓).....[(▓▓
#.##))#....#,,#..T####▓(.(....[▓▓
##.#)####..##*##@.##.#▓..)).(.(▓▓
###(###.##..#,,+..#..#▓..[[..).▓▓
.##.##...#..#,,#..#).#▓..[.....▓▓
#'.<.'.#.'..####^.##.#▓(.[[..([▓▓
.##.##.).#....###...##▓▓▓▓▓▓▓'▓▓▓
###'###.##......≈≈≈≈≈≈≈≈≈≈≈≈≈...≈
##...####≈≈..§..≈#+########'###.≈
#.##..#≈§≈§≈≈≈..≈#..._._._#≈≈§##≈
##.####≈§§§≈§≈§.≈#_._._._.#≈§§≈##


You could see a crystal guardian and a friendly iron troll (berserk).

Vanquished Creatures
  2 sphinxes (D)
  A kraken (D)
  Kirke (D)
  A yaktaur captain (D)
  A centaur warrior (D)
  A skeletal warrior (D)
  An elephant (D)
  A merfolk siren (D)
  2 spiny frogs (D)
  A yaktaur (D)
  A hornet (D)
  3 polar bears (D)
  2 hippogriffs (D)
  4 neqoxecs (D)
  Menkaure (D)
  3 crocodiles (D)
  A hell rat (D)
  3 worms (D)
  3 tentacles (D)
33 creatures vanquished.

Vanquished Creatures (collateral kills)
  2 deep trolls (D)
  2 death drakes (D)
4 creatures vanquished.

Vanquished Creatures (others)
  A kobold demonologist (D)
  2 swamp drakes (D)
  A crocodile (D)
  4 tentacles (D)
8 creatures vanquished.

Grand Total: 45 creatures vanquished

Notes
Turn   | Place    | Note
-------+----------+-------------------------------------------
     0 | D        | Baz the Troll Berserker began the quest for the Orb.
     0 | D        | Reached XP level 1. HP: 22/22 MP: 0/0
     9 | D        | Reached skill level 4 in Unarmed Combat
    14 | D        | Reached ** piety under Trog
    14 | D        | Reached XP level 2. HP: 31/31 MP: 1/1
    36 | D        | Killed a crocodile
    53 | D        | Noticed a lava snake
    53 | D        | Noticed a lava snake
    53 | D        | Noticed a lava snake
    53 | D        | Noticed a lava snake
    55 | D        | Noticed Menkaure
    61 | D        | Killed Menkaure
    61 | D        | Reached skill level 7 in Unarmed Combat
    61 | D        | Reached XP level 3. HP: 35/44 MP: 2/2
    61 | D        | Reached XP level 4. HP: 42/52 MP: 3/3
    96 | D        | Found Fiuth's Book Shop.
    96 | D        | Found Usomm's Antique Weapon Boutique.
    96 | D        | Found Jugi's Antique Weapon Shop.
    97 | D        | Found Wehip's Food Shop.
    97 | D        | Found Pehum's Antique Armour Shop.
    97 | D        | Found Kacyi's Book Boutique.
    98 | D        | Found Dusey's Jewellery Shop.
    98 | D        | Found Liekk's Gadget Boutique.
    98 | D        | Found Cisch's Magic Scroll Boutique.
    98 | D        | Found Yhuweyh's Distillery.
    99 | D        | Found Vecrugoz's Distillery.
    99 | D        | Found Rafunem's Jewellery Boutique.
    99 | D        | Found Tatax's Antique Armour Boutique.
   100 | D        | Found Ujyupt Osso's Armour Shop.
   100 | D        | Found Lufohunt's Weapon Boutique.
   100 | D        | Noticed a shining eye
   100 | D        | Noticed a shining eye
   105 | D        | Noticed a shining eye
   105 | D        | Noticed an oklob plant
   106 | D        | Found Iduimegg's Book Shoppe.
   108 | D        | Noticed an ice dragon
   146 | D        | Found a glowing golden altar of the Shining One.
   146 | D        | Found an ornate altar of the Wu Jian Council.
   146 | D        | Found a stormy altar of Qazlal.
   156 | D        | Noticed a merfolk siren
   170 | D        | Killed a merfolk siren
   170 | D        | Reached *** piety under Trog
   170 | D        | Reached skill level 10 in Unarmed Combat
   170 | D        | Reached XP level 5. HP: 67/67 MP: 4/4
   170 | D        | Reached XP level 6. HP: 75/75 MP: 5/5
   180 | D        | Noticed a neqoxec
   180 | D        | Noticed a neqoxec
   180 | D        | Noticed a neqoxec
   180 | D        | Noticed a neqoxec
   181 | D        | Gained mutation: You are robust. (+10% HP) [a neqoxec]
   184 | D        | Killed a neqoxec
   184 | D        | Reached skill level 11 in Unarmed Combat
   184 | D        | Reached XP level 7. HP: 91/91 MP: 6/6
   185 | D        | Gained mutation: You are weak. (Str -2) [a neqoxec]
   190 | D        | Killed a neqoxec
   190 | D        | Reached skill level 10 in Fighting
   192 | D        | Killed a neqoxec
   192 | D        | Reached skill level 12 in Unarmed Combat
   194 | D        | Killed a neqoxec
   194 | D        | Reached **** piety under Trog
   244 | D        | Noticed a hippogriff
   244 | D        | Noticed a hippogriff
   248 | D        | Killed a hippogriff
   248 | D        | Reached XP level 8. HP: 105/105 MP: 7/7
   251 | D        | Killed a hippogriff
   251 | D        | Reached skill level 13 in Unarmed Combat
   277 | D        | Bought a ration for 65 gold pieces
   394 | D        | Bought the +2 robe of Vines {NoPotionHeal Regen+7} for 800
                  | gold pieces
   394 | D        | Found the +2 robe of Vines {NoPotionHeal Regen+7}
   430 | D        | Noticed a great orb of eyes
   446 | D        | Noticed Kirke
   446 | D        | Noticed a skeletal warrior
   447 | D        | Noticed a centaur warrior
   447 | D        | Noticed a kobold demonologist
   448 | D        | Noticed an elephant
   449 | D        | Noticed a yaktaur captain
   454 | D        | Noticed an orange demon
   457 | D        | Killed Kirke
   457 | D        | Reached skill level 15 in Unarmed Combat
   457 | D        | Reached XP level 9. HP: 114/121 MP: 8/8
   465 | D        | Noticed a rust devil
   482 | D        | Killed a skeletal warrior
   486 | D        | Killed a yaktaur captain
   486 | D        | Reached skill level 16 in Unarmed Combat
   486 | D        | Reached XP level 10. HP: 91/132 MP: 9/9
   488 | D        | Killed a centaur warrior
   491 | D        | Killed an elephant
   491 | D        | Reached ***** piety under Trog
   532 | D        | Noticed a spiny frog
   545 | D        | Noticed a spiny frog
   560 | D        | Killed a spiny frog
   560 | D        | Received a gift from Trog
   634 | D        | Killed a spiny frog
   693 | D        | Found a shimmering altar of Xom.
   693 | D        | Found a sacrificial altar of Ru.
   694 | D        | Found a basalt altar of Yredelemnul.
   694 | D        | Found a shimmering blue altar of Sif Muna.
   694 | D        | Found a viscous altar of Jiyva.
   695 | D        | Found a glowing silver altar of Zin.
   695 | D        | Found a bloodstained altar of Trog.
   695 | D        | Found an ancient bone altar of Kikubaaqudgha.
   696 | D        | Found a hide-covered altar of Uskayaw.
   696 | D        | Found a corrupted altar of Lugonu.
   696 | D        | Found a shadowy altar of Dithmenos.
   697 | D        | Found a radiant altar of Vehumet.
   697 | D        | Found a burning altar of Makhleb.
   697 | D        | Found a white marble altar of Elyvilon.
   698 | D        | Found a sparkling altar of Nemelex Xobeh.
   698 | D        | Found a blossoming altar of Fedhas.
   706 | D        | Noticed a deep elf master archer
   714 | D        | Found an iron altar of Okawaru.
   714 | D        | Found an opulent altar of Gozag.
   725 | D        | Reached skill level 17 in Unarmed Combat
   726 | D        | Paralysed by a hornet for 1 turns
   736 | D        | Reached skill level 15 in Fighting
   792 | D        | Noticed a kraken
   811 | D        | Killed a kraken
   811 | D        | Reached skill level 18 in Unarmed Combat
   811 | D        | Reached XP level 11. HP: 146/146 MP: 10/10
   943 | D        | Found a snail-covered altar of Cheibriados.
   944 | D        | Found a roughly hewn altar of Beogh.
   994 | D        | Found a hazy altar of Hepliaklqana.
  1022 | D        | Noticed a deep troll
  1022 | D        | Noticed a deep troll
  1026 | D        | Killed a deep troll
  1026 | D        | Received a gift from Trog
  1029 | D        | Killed a deep troll
  1159 | D        | Noticed a sphinx
  1159 | D        | Noticed a sphinx
  1164 | D        | Killed a sphinx
  1171 | D        | Killed a sphinx
  1171 | D        | Reached skill level 19 in Unarmed Combat
  1221 | D        | Noticed a death drake
  1222 | D        | Noticed a crystal guardian
  1223 | D        | Noticed a death drake
  1232 | D        | Killed a death drake
  1234 | D        | Killed a death drake
  1238 | D        | HP: 3/150 [crystal guardian/crystal bolt (22)]
  1239 | D        | Killed from afar by a crystal guardian

Levels and vault maps discovered:
D:        the_violet_keep_of_menkaure [sprint2_stairs_cluster_1,
          sprint2_shoproom, sprint2_temple, sprint2_basic_supplies,
          sprint2_obstacle_7, sprint2_obstacle_2, sprint2_obstacle_5,
          sprint2_obstacle_3, sprint2_obstacle_6, sprint2_timed_cluster_1,
          sprint2_smallroom_cluster_1, sprint2_smallroom_final_cluster_1,
          sprint2_transparent_cluster_1, sprint2_second_timed_cluster_1,
          sprint2_sniper_area_1, sprint2_heavy_combat_area_1,
          sprint2_mutation_trap_area_1, sprint2_forest_area_1,
          sprint2_light_combat_area_1, sprint2_behind_water_1,
          sprint2_near_end_vault_1]

Skill      XL: |  1  2  3  4  5  6  7  8  9 10 11 |
---------------+----------------------------------+-----
Fighting       | 3 6 9 10 13 15 16 | 16.9
Unarmed Combat | 4 7 10 11 12 15 16 18 19 | 19.6
Dodging        | |  2.4

Action                   |  1- 3 |  4- 6 |  7- 9 | 10-12 || total
-------------------------+-------+-------+-------+-------++-------
Melee: Unarmed           |    11 |    14 |    28 |    74 ||   127
       Punch             |       |       |     4 |    12 ||    16
Invok: Berserk           |     2 |     1 |     2 |     2 ||     7
       Trog's Hand       |       |     1 |     3 |     1 ||     5
       Brothers in Arms  |       |       |     1 |     2 ||     3
  Use: Scroll            |       |       |       |     3 ||     3
       Potion            |       |       |       |     3 ||     3
  Eat: Chunk             |     3 |       |       |    20 ||    23
       Ration            |       |       |     1 |       ||     1
Armor: Animal skin       |     1 |     2 |     4 |       ||     7
       Robe              |       |       |     1 |     9 ||    10
Dodge: Dodged            |     1 |       |    16 |    28 ||    45
